 Dungeon Crawl Stone Soup version 0.26.0-45-g9c1d065592 (webtiles) character file.

Game seed: 9262421868572075809

7588 H0rd4k the Martial Artist (level 11, 0/68 HPs)
             Began as an Octopode Transmuter on Jan 28, 2021.
             Was an Initiate of Gozag.
             Slain by a four-headed hydra (13 damage)
             ... on level 1 of the Lair of Beasts.
             The game lasted 00:33:10 (16011 turns).

H0rd4k the Martial Artist (Octopode Transmuter)    Turns: 16011, Time: 00:33:11

Health: 0/68       AC:  1    Str: 11    XL:     11   Next: 17%
Magic:  0/21       EV: 15    Int: 17    God:    Gozag
Gold:   1585       SH:  0    Dex: 13    Spells: 2/23 levels left

rFire    + + .     SeeInvis .     - Unarmed
rCold    x . .     Faith    +   (no shield)
rNeg     . . .     Spirit   .   (helmet restricted)
rPois    .         Reflect  .   y - amulet of faith
rElec    .         Harm     .   d - +4 ring of slaying
rCorr    +         Rampage  .   f - ring of resist corrosion
Will     .....                  x - ring of fire
Stlth    +++++.....             E - ring of protection from fire
HPRegen  0.21/turn              (no ring)
MPRegen  0.17/turn              (no ring)
                                (no ring)
                                (no ring)

@: slightly contaminated
A: almost no armour, stealthy swim, amphibious, 8 rings, constrict 8, camouflage
1, gelatinous body 1
a: Renounce Religion, Potion Petition, Call Merchant, Bribe Branch


You were on level 1 of the Lair of Beasts.
You worshipped Gozag.
Gozag was most pleased with you.
You visited 2 branches of the dungeon, and saw 11 of its levels.
You also visited: Sewer.

You collected 1859 gold pieces.
You spent 222 gold pieces at shops.
You paid 52 gold pieces to Gozag.

Inventory:

Hand Weapons
 z - a +6 shortbow of flaming
Missiles
 h - 7 silver javelins
 v - 4 atropa-tipped darts
 B - 99 arrows
Magical Staves
 j - an uncursed staff of fire
 l - an uncursed staff of death
Jewellery
 d - a +4 ring of slaying (left tentacle)
 f - a ring of resist corrosion (right tentacle)
 m - an uncursed ring of protection from cold
 x - a ring of fire (on tentacle)
 y - an amulet of faith (around mantle)
 E - a ring of protection from fire (on tentacle)
Wands
 o - a wand of enslavement (3)
 u - a wand of polymorph (8)
 C - a wand of paralysis (10)
Scrolls
 a - 9 scrolls of identify
 b - 5 scrolls of blinking
 c - a scroll of amnesia
 e - 4 scrolls of remove curse
 p - 4 scrolls of teleportation
 q - a scroll of enchant armour
 w - a scroll of fog
Potions
 g - a potion of degeneration {unknown}
 i - 15 potions of curing
 n - 2 potions of flight
 r - a potion of mutation
 s - a potion of heal wounds
 t - a potion of haste
 A - a potion of magic {unknown}
Miscellaneous
 k - a condenser vane (inert)


   Skills:
 + Level 3.9 Fighting
 + Level 5.2 Dodging
 + Level 8.1 Stealth
 + Level 9.9 Unarmed Combat
 + Level 6.7 Spellcasting
 + Level 3.6 Conjurations
 + Level 1.0 Translocations
 + Level 5.2 Transmutations
 + Level 3.0 Fire Magic
 + Level 2.6 Air Magic
 + Level 3.5 Poison Magic
 + Level 2.4 Evocations


You had 2 spell levels left.
You knew the following spells:

 Your Spells              Type           Power        Failure   Level
a - Magic Dart            Conj           68%          2%          1
b - Blink                 Tloc           N/A          12%         2
c - Beastly Appendage     Tmut           46%          1%          1
d - Spider Form           Tmut/Pois      10%          6%          3
e - Conjure Flame         Conj/Fire      25%          9%          3
f - Mephitic Cloud        Conj/Pois/Air  16%          10%         3
g - Gell's Gravitas       Tloc           4%           22%         3
h - Blade Hands           Tmut           11%          36%         5

Your spell library contained the following spells:

 Spells                   Type           Power        Failure   Level
 Wereblood                Tmut           23%          1%          2
 Call Imp                 Summ           5%           19%         2
 Slow                     Hex            5%           19%         2
 Confusing Touch          Hex            5%           34%         3
 Ice Form                 Ice/Tmut       14%          38%         4
 Petrify                  Tmut/Erth      14%          38%         4
 Iskenderun's Battlesphe  Conj           17%          58%         5
 Cause Fear               Hex            2%           75%         4
 Yara's Violent Unravell  Hex/Tmut       7%           75%         5
 Bolt of Magma            Conj/Fire/Erth 9%           80%         5
 Silence                  Hex/Air        5%           88%         5
 Metabolic Englaciation   Hex/Ice        2%           97%         5
 Iron Shot                Conj/Erth      5%           100%        6
 Orb of Destruction       Conj           8%           100%        7
 Spellforged Servitor     Conj/Summ      5%           100%        7
 Discord                  Hex            2%           100%        8


Dungeon Overview and Level Annotations

Branches:
Dungeon (10/15)            Temple (0/1) D:5            Lair (1/6) D:9
    Orc (0/2) D:10          Sewer (visited)

Altars:
Ashenzari
Dithmenos
Elyvilon
Gozag
Nemelex Xobeh
Okawaru
Qazlal
Sif Muna
Yredelemnul
Zin
Beogh

Shops:
D:5 !?!   D:8 :

Annotations:
D:2 exclusion: 2 downstairs
D:3 1 exclusion
D:4 exclusion: downstairs
D:7 exclusion: 2 downstairs
D:10 exclusions: centaur, centaur warrior, troll and 1 more exclusion


Innate Abilities, Weirdness & Mutations

You cannot wear most types of armour.
You are very stealthy in the water. (Stealth+)
You are amphibious.
You can wear up to eight rings at the same time.
You can use your tentacles to constrict eight enemies at once.
Your skin changes colour to match your surroundings (Stealth+).
Your rubbery body absorbs attacks. (AC +1, EV +1)


Message History

The water moccasin hisses angrily.
Casting: Blink (safe; 12% risk of failure)
Confirm with . or Enter, or press ? or * to list all spells.
You blink.
Evoke which item? (* to show all) (? for menu, Esc to quit)
Aiming: Enslavement
Press: ? - help, Shift-Dir - straight line, f - water moccasin
Aim: a water moccasin (chance to affect: 52%)
The water moccasin is charmed.
Casting: Blink (safe; 12% risk of failure)
Confirm with . or Enter, or press ? or * to list all spells.
You miscast Blink.
Nothing appears to happen.
Your water moccasin bites the four-headed hydra!
The four-headed hydra misses you.
The four-headed hydra barely misses you.
The four-headed hydra bites you!
* * * LOW HITPOINT WARNING * * *
The four-headed hydra bites you!
You die...
Your body crumbles into a pile of gold.

####...##....###............
#...)##.....#....>#.......
##...#...#.##....##.......
#.......).###....# .P.##P#
##.P.####.###......#...# #
##.....##..###....##....#
............#...#####...#
......#..................
...##.##......SD@....... ##.
#..........#........
####..........#........
###.......#...##.......
##.#....#....### ....... .
..#....###...# ....... ..
...(#..##....P# #P#.... ..
.......##....#### #####. ..
.....####..##.#P## .#


You could see a four-headed hydra and a friendly water moccasin (charmed).

Vanquished Creatures
  A hydra (Lair:1)
  A manticore (D:8)
  Psyche (D:8)
  A komodo dragon (Lair:1)
  A rime drake (Lair:1)
  6 yaks (D:9)
  A wraith (D:10)
  Menkaure (D:7)
  4 orc warriors
  A water moccasin (D:5)
  2 ice beasts
  A black bear (D:8)
  2 phantoms
  A sky beast (D:9)
  4 ogres
  4 centaurs
  3 big kobolds
  Blork the orc (D:5)
  9 bullfrogs
  A water moccasin zombie (D:10)
  5 scorpions
  A water moccasin skeleton (D:5)
  A centaur zombie (D:5)
  A howler monkey (D:7)
  2 bullfrog zombies
  2 quasits
  Crazy Yiuf (D:5)
  3 hounds
  2 jellies (D:5)
  8 orc priests
  4 centaur skeletons
  Ijyb (D:5)
  9 orc wizards
  3 iguanas
  8 worker ants
  A hound skeleton (D:6)
  A hound zombie (D:7)
  A worker ant zombie (D:6)
  4 gnolls
  11 adders
  2 shadow imps
  6 white imps
  An ufetubus (D:8)
  An ooze (D:3)
  2 adder zombies (D:9)
  4 adder skeletons
  2 worms
  A dart slug (D:2)
  9 leopard geckos
  53 orcs
  8 ball pythons (Sewer)
  6 giant cockroaches
  6 goblins
  A hobgoblin (D:3)
  5 jackals
  A quokka (D:8)
  8 bats
  7 frilled lizards
  21 kobolds
  A quokka skeleton (D:5)
  A quokka zombie (D:8)
  6 rats
267 creatures vanquished.

Vanquished Creatures (others)
  A howler monkey (D:10)
  7 fungi
  5 plants
13 creatures vanquished.

Grand Total: 280 creatures vanquished

Notes
Turn   | Place    | Note
-------+----------+-------------------------------------------
     0 | D:1      | H0rd4k the Octopode Transmuter began the quest for the Orb.
     0 | D:1      | Reached XP level 1. HP: 13/13 MP: 3/3
   557 | D:1      | Reached XP level 2. HP: 18/18 MP: 5/5
   969 | D:2      | Reached XP level 3. HP: 19/23 MP: 6/6
  1470 | D:2      | Found a white marble altar of Elyvilon.
  1544 | D:2      | Reached skill level 4 in Unarmed Combat
  1544 | D:2      | Reached XP level 4. HP: 13/28 MP: 5/7
  1910 | D:2      | Found a basalt altar of Yredelemnul.
  2039 | D:3      | HP: 1/28 [ooze (3)]
  2410 | D:3      | Reached XP level 5. HP: 27/33 MP: 6/8
  2741 | D:3      | Learned a level 1 spell: Magic Dart
  2744 | D:3      | Learned a level 2 spell: Blink
  2748 | D:3      | Learned a level 3 spell: Spider Form
  2785 | D:3      | Reached skill level 1 in Stealth
  3219 | D:3      | Found a shadowy altar of Dithmenos.
  3237 | D:3      | Found a shimmering blue altar of Sif Muna.
  3818 | D:4      | Found a glowing drain.
  3848 | Sewer    | Entered a sewer
  3859 | Sewer    | Reached XP level 6. HP: 33/38 MP: 7/9
  4445 | Sewer    | Reached skill level 5 in Unarmed Combat
  4544 | D:4      | Reached skill level 1 in Conjurations
  4553 | D:4      | Noticed a phantom
  4566 | D:4      | Found a sparkling altar of Nemelex Xobeh.
  4567 | D:4      | Found an opulent altar of Gozag.
  4602 | D:4      | Became a worshipper of Gozag Ym Sagoz the Greedy
  4619 | D:4      | Found an iron altar of Okawaru.
  4645 | D:4      | Killed a phantom
  4646 | D:4      | Reached XP level 7. HP: 24/44 MP: 1/12
  5038 | D:4      | Found a stormy altar of Qazlal.
  5124 | D:4      | Found a broken altar of Ashenzari.
  5124 | D:4      | Found a shimmering blue altar of Sif Muna.
  5378 | D:5      | Entered Level 5 of the Dungeon
  5378 | D:5      | Found Dunurruk's Distillery.
  5561 | D:5      | Noticed Ijyb
  5778 | D:5      | Bought a potion of heal wounds for 65 gold pieces
  5792 | D:5      | Found Fiqyu's Magic Scroll Shoppe.
  5800 | D:5      | Learned a level 3 spell: Conjure Flame
  5804 | D:5      | Learned a level 3 spell: Mephitic Cloud
  5882 | D:5      | Bought a scroll of blinking for 112 gold pieces
  5882 | D:5      | Bought a scroll of teleportation for 45 gold pieces
  5891 | D:5      | Noticed Blork the orc
  5908 | D:5      | Found Uling's Distillery.
  6362 | D:5      | Reached XP level 8. HP: 41/50 MP: 10/14
  6368 | D:5      | Killed Ijyb
  6772 | D:5      | Found a staircase to the Ecumenical Temple.
  6789 | D:5      | Reached skill level 6 in Unarmed Combat
  7131 | D:5      | Found a runed translucent door.
  7132 | D:5      | Noticed Crazy Yiuf
  7355 | D:5      | Killed Crazy Yiuf
  8672 | D:7      | Reached skill level 5 in Spellcasting
  9175 | D:7      | Noticed Menkaure
  9185 | D:7      | Killed Menkaure
  9186 | D:7      | Reached skill level 7 in Unarmed Combat
  9186 | D:7      | Reached XP level 9. HP: 29/55 MP: 14/16
  9655 | D:8      | Noticed Psyche
  9667 | D:8      | Killed Psyche
  9668 | D:8      | Reached skill level 5 in Stealth
 10107 | D:8      | Reached skill level 1 in Evocations
 10176 | D:8      | Found a glowing silver altar of Zin.
 10459 | D:8      | Noticed a manticore
 10487 | D:8      | Reached skill level 1 in Poison Magic
 10765 | D:8      | Killed a manticore
 10766 | D:8      | Reached skill level 8 in Unarmed Combat
 10766 | D:8      | Reached skill level 1 in Fire Magic
 10766 | D:8      | Reached skill level 1 in Air Magic
 11016 | D:8      | Found Wikhleo's Book Shoppe.
 11355 | D:8      | Reached XP level 10. HP: 40/63 MP: 19/19
 12827 | D:9      | Found a staircase to the Lair.
 13980 | D:10     | Entered Level 10 of the Dungeon
 14022 | D:10     | Reached skill level 9 in Unarmed Combat
 14071 | D:10     | Noticed a centaur warrior
 14101 | D:10     | Reached skill level 5 in Transmutations
 14547 | D:10     | Found a staircase to the Orcish Mines.
 14588 | D:10     | Found a roughly hewn altar of Beogh.
 15156 | D:10     | Learned a level 3 spell: Gell's Gravitas
 15267 | D:5      | Killed Blork the orc
 15415 | D:5      | Learned a level 5 spell: Blade Hands
 15448 | D:7      | Reached skill level 5 in Dodging
 15564 | Lair:1   | Entered Level 1 of the Lair of Beasts
 15564 | Lair:1   | Noticed a five-headed hydra
 15608 | Lair:1   | Killed a five-headed hydra
 15609 | Lair:1   | Reached skill level 1 in Translocations
 15609 | Lair:1   | Reached XP level 11. HP: 18/68 MP: 10/20
 15967 | Lair:1   | Noticed a four-headed hydra
 16011 | Lair:1   | Slain by a four-headed hydra

Illustrated notes

Levels and vault maps discovered:
D:1:      erik_arrival_blinker_ship, layout_basic
D:2:      layout_rooms, kennysheep_ying_yang, nrook_campfire,
          chequers_serial_rivers_room_b
D:3:      layout_loops_cross, nicolae_dithmenos_through_a_glass_darkly,
          led_sif_book
D:4:      layout_loops_cross, grunt_temple_overflow_opulence,
          nicolae_qazlal_general_emergency, okawaru_gym_becter,
          amethyst_overflow_temple_binary, gup_sewer_entry_pipe
D:5:      layout_basic, minmay_temple_entry_large_hall, serial_shops, shop,
          nicolae_shop_waterfront, shop, uniq_crazy_yiuf_cottage, uniq_ijyb,
          uniq_blork_the_orc
D:6:      layout_rooms
D:7:      layout_basic, uniq_menkaure
D:8:      layout_rooms, serial_shops, kennysheep_little_box, basic_altar,
          grunt_potential, uniq_psyche
D:9:      layout_irregular_city, grunt_lair_entry_orc_guard_hut
D:10:     layout_roguey, minmay_orc_entry_temple_small
Lair:1:   layout_misc_corridors, grunt_forest_large_clearing_hut, uniq_joseph

Skill      XL: |  1  2  3  4  5  6  7  8  9 10 11 |
---------------+----------------------------------+-----
Unarmed Combat | 4 5 7 8 9 |  9.9
Dodging        | 3 4 5 |  5.2
Stealth        | 1 2 4 6 7 8 |  8.1
Spellcasting   | 3 4 5 6 |  6.7
Conjurations   | 1 2 3 |  3.6
Fighting       | 2 3 |  3.9
Transmutations | 3 4 5 |  5.2
Evocations     | 1 2 |  2.4
Poison Magic   | 2 3 |  3.5
Fire Magic     | 2 3 |  3.0
Air Magic      | 1 2 |  2.6
Translocations | 1 |  1.0

Action                   |  1- 3 |  4- 6 |  7- 9 | 10-12 || total
-------------------------+-------+-------+-------+-------++-------
Melee: Unarmed           |    72 |   110 |   222 |   204 ||   608
       Constrict         |    17 |    33 |    51 |    19 ||   120
       Tentacles         |     5 |    11 |    39 |    13 ||    68
       Kick              |     7 |    15 |    44 |    25 ||    91
       Punch             |     1 |     4 |     9 |     7 ||    21
 Cast: Beastly Appendage |     5 |    14 |    40 |    20 ||    79
       Magic Dart        |       |    56 |    49 |     2 ||   107
       Spider Form       |       |       |     4 |     9 ||    13
       Conjure Flame     |       |       |     1 |     3 ||     4
       Mephitic Cloud    |       |       |     1 |     1 ||     2
       Blink             |       |       |       |     8 ||     8
       Gell's Gravitas   |       |       |       |     2 ||     2
Evoke: Condenser vane    |       |       |     2 |     1 ||     3
       Wand              |       |       |    11 |    21 ||    32
  Use: Potion            |     2 |       |     1 |       ||     3
       Scroll            |       |       |       |    15 ||    15
 Stab: Sleeping          |     1 |     2 |    13 |     7 ||    23
       Distracted        |       |     2 |       |     1 ||     3
       Paralysed         |       |       |     1 |       ||     1
       Confused          |       |       |       |     1 ||     1
Armor: Skin              |     7 |    16 |     7 |     3 ||    33
Dodge: Dodged            |    35 |    93 |   133 |   141 ||   402
